 Dungeon Crawl Stone Soup version 0.30-a0-458-g86641cc369 (webtiles) character file.

Game seed: 14996293489570862177

3423 zero the Thaumaturge (level 9, -3/54 HPs)
             Began as a Deep Elf Conjurer on Dec 14, 2022.
             Was an Initiate of Gozag.
             Shot with a sling bullet by Joseph (12 damage)
             ... on level 7 of the Dungeon.
             The game lasted 00:13:18 (8847 turns).

zero the Thaumaturge (Deep Elf Conjurer)            Turns: 8847, Time: 00:13:19

Health: -3/54      AC:  7    Str:  8    XL:     9   Next: 76%
Magic:  12/25      EV: 13    Int: 28    God:    Gozag
Gold:   672        SH:  0    Dex: 11    Spells: 5/29 levels left

rFire   . . .      SeeInvis .    o - +5 sling of Innocence {freeze, Fragile rN+ Str+4 Dex-2}
rCold   + . .      Faith    .    (no shield)
rNeg    + . .      Spirit   .    l - +1 robe of Nedous {Archmagi}
rPois   .          Reflect  .    C - +0 helmet
rElec   .          Harm     .    (no cloak)
rCorr   .          Rampage  .    (no gloves)
Will    .....      Archmagi +    m - +2 pair of boots
Stlth   +++.......               (no amulet)
HPRegen 0.29/turn                q - ring of protection from cold
MPRegen 0.19/turn                (no ring)

@: no status effects
A: no striking features
a: Renounce Religion, Potion Petition, Call Merchant, Bribe Branch


You were on level 7 of the Dungeon.
You worshipped Gozag.
Gozag was pleased with you.
You visited 1 branch of the dungeon, and saw 7 of its levels.

You collected 1295 gold pieces.
You spent 580 gold pieces at shops.
You paid 43 gold pieces to Gozag.

Inventory:

Hand Weapons
 d - a +3 sling of draining
 o - the +5 sling of Innocence (weapon) {freeze, Fragile rN+ Str+4 Dex-2}
   (You took it off an orc on level 4 of the Dungeon)

   Any ammunition fired from it freezes those it strikes, dealing additional
   cold damage.
   It can also slow down cold-blooded creatures.
   Str:       It affects your strength (+4).
   Dex:       It affects your dexterity (-2).
   rN:        It protects you from negative energy.
   Fragile:   It will be destroyed if unequipped.
Missiles
 A - 2 throwing nets
Armour
 l - the +1 robe of Nedous (worn) {Archmagi}
   (You found it on level 2 of the Dungeon)

   Archmagi:  It increases the power of your magical spells.
 m - a +2 pair of boots (worn)
 x - a +0 robe of the Archmagi
 C - a +0 helmet (worn)
Jewellery
 j - an amulet of faith
 q - a ring of protection from cold (left hand)
Wands
 a - a wand of digging (6)
 t - a wand of roots (13)
 v - a wand of charming (8)
Scrolls
 c - 2 scrolls of poison
 e - 3 scrolls of teleportation
 h - 2 scrolls of identify
 i - a scroll of fog
Potions
 b - 2 potions of magic
 f - 4 potions of attraction
 g - 2 potions of mutation
 k - 3 potions of heal wounds
 n - 3 potions of curing
 p - a potion of flight {unknown}
 r - a potion of might
 u - a potion of resistance
 z - a potion of brilliance


   Skills:
 - Level 5.0 Fighting
 - Level 5.0 Dodging
 - Level 5.0 Stealth
 * Level 10.9 Spellcasting
 + Level 5.8 Conjurations
 + Level 2.8 Summonings
 - Level 5.0 Translocations
 * Level 3.8 Poison Magic
 - Level 3.0 Evocations


You had 5 spell levels left.
You knew the following spells:

 Your Spells              Type           Power      Damage    Failure   Level
a - Magic Dart            Conj           100%       1d8       1%          1
b - Searing Ray           Conj           100%       2d8       1%          2
c - Iskenderun's Mystic   Conj/Tloc      62%        2d13      4%          4
d - Iron Shot             Conj/Erth      23%        9d5       86%         6
e - Spellforged Servitor  Conj/Summ      28%        N/A       99%         7
t - Olgreb's Toxic Radia  Pois           53%        N/A       8%          4

Your spell library contained the following spells:

 Spells                   Type           Power      Damage    Failure   Level
 Blink                    Tloc           100%       N/A       1%          2
 Gell's Gravitas          Tloc           60%        N/A       1%          3
 Dazzling Flash           Conj/Hex       94%        N/A       3%          3
 Kindle Blastsparks       Fire/Tloc/Air  72%        2d16      5%          3
 Iskenderun's Battlesphe  Conj           64%        2d11      10%         5
 Frozen Ramparts          Ice            46%        1d7       11%         3
 Fulminant Prism          Conj/Hex       23%        3d12      11%         4
 Ozocubu's Refrigeration  Ice            11%        4d10      100%        7
 Ignition                 Fire           11%        3d5       100%        8


Dungeon Overview and Level Annotations

Branches:
Dungeon (7/15)             Temple (0/1) D:7

Altars:
Gozag
Kikubaaqudgha
Makhleb
Nemelex Xobeh
Okawaru
Ru
Yredelemnul
Zin
The Shining One

Shops:
D:1 *   D:4 *   D:7 *((

Annotations:
D:7 Joseph


Message History

Joseph shoots a sling bullet.
The sling bullet hits you!
* * * LOW HITPOINT WARNING * * *
Casting: Searing Ray (safe; 1% risk of failure)
Confirm with . or Enter, or press ? or * to list all spells.
You can't see any susceptible monsters within range! (Use Z to cast anyway.) Joseph shoots a sling bullet.
The sling bullet hits you!
* * * LOW HITPOINT WARNING * * *
You feel much better.
Joseph shoots a sling bullet.
The sling bullet hits you but does no damage.
Casting: Searing Ray (safe; 1% risk of failure)
Confirm with . or Enter, or press ? or * to list all spells.
Aiming: Searing Ray (safe; 1% risk of failure)
Press: ? - help, Shift-Dir - straight line, f/p - Joseph
Aim: Joseph, wielding a +0 sling and wearing a +2 ring mail of fire resistance (moderately wounded, 85% to hit)
You feel a surge of power!
The searing ray hits Joseph!
Joseph is heavily wounded. (Press . to maintain the ray.) Joseph shoots a sling bullet.
The sling bullet hits you!
Found a human corpse.
Joseph shoots a sling bullet.
The sling bullet hits you!
* * * LOW HITPOINT WARNING * * *
Items here: $ ))) [[.
Casting: Searing Ray (safe; 1% risk of failure)
Confirm with . or Enter, or press ? or * to list all spells.
You feel a surge of power!
You erupt in a blast of force!
The mystic blast hits Joseph.
Joseph is heavily wounded.
Joseph is knocked back by the mystic blast.
Found a ring mail.
Things that are here:
4 gold pieces; a +0 dagger; a +0 robe
Casting: Iskenderun's Mystic Blast (dangerous; 4% risk of failure)
Confirm with . or Enter, or press ? or * to list all spells.
You feel a surge of power!
You erupt in a blast of force!
The mystic blast hits Joseph!
Joseph is severely wounded.
Joseph is knocked back by the mystic blast.
Found Fyusil's Antique Weapon Shoppe.
Joseph shoots a sling bullet.
The sling bullet hits you!
You die...
Your body crumbles into a pile of gold.

.. ..### ..#
...##...##..
...#.....#.
........(.# #
......∩@)$#.#
∩......$... #[†...#
#..@### # ###$..# #
###$### ##### #..$#
....###########.###
)....∩.........>#
###.###.....###.#
#.# #.###.# #.#
#.###...#.# #.#


You could see Joseph.

Vanquished Creatures
  The ghost of DrClinical the Covered, an amateur AtFi (D:4)
  Grinder (D:3)
  Edmund (D:6)
  An ice beast (D:6)
  4 ogres
  3 black bears
  2 centaurs
  A necrophage (D:4)
  2 bullfrogs
  2 gnoll sergeants
  2 scorpions
  5 killer bees (D:7)
  A howler monkey (D:4)
  2 jellies (D:5)
  3 gnoll boudas
  5 orc priests
  7 hounds
  Terence (D:2)
  Natasha (thrice) (D:2)
  6 iguanas
  9 orc wizards
  16 gnolls
  4 adders
  A shadow imp (D:5)
  6 ufetubi
  4 worms
  3 dart slugs
  29 orcs
  2 bats
  6 endoplasms
  2 giant cockroaches
  5 goblins
  3 hobgoblins
  10 jackals
  6 kobolds
  4 quokkas
  6 ball pythons
  2 frilled lizards
  11 rats
182 creatures vanquished.

Vanquished Creatures (others)
  4 toadstools (D:1)
4 creatures vanquished.

Grand Total: 186 creatures vanquished

Notes
Turn   | Place    | Note
-------+----------+-------------------------------------------
     0 | D:1      | zero the Deep Elf Conjurer began the quest for the Orb.
     0 | D:1      | Reached XP level 1. HP: 10/10 MP: 6/6
   415 | D:1      | Reached XP level 2. HP: 8/16 MP: 4/8
   453 | D:1      | Learned a level 2 spell: Searing Ray
   636 | D:1      | Reached skill level 1 in Fighting
   879 | D:1      | Found Nujokkag's General Store.
  1004 | D:2      | Reached skill level 4 in Spellcasting
  1079 | D:2      | Noticed Natasha
  1083 | D:2      | Killed Natasha
  1084 | D:2      | Reached XP level 3. HP: 21/21 MP: 4/10
  1161 | D:2      | Identified the +1 robe of Nedous {Archmagi}
  1394 | D:2      | Noticed Natasha
  1397 | D:2      | Killed Natasha
  1398 | D:2      | Reached XP level 4. HP: 26/26 MP: 7/12
  1466 | D:2      | Noticed Natasha
  1471 | D:2      | Killed Natasha
  1472 | D:2      | Reached skill level 5 in Spellcasting
  1609 | D:2      | Noticed Terence
  1642 | D:2      | Found a faded altar of an unknown god.
  2150 | D:3      | Noticed a black bear
  2156 | D:3      | Killed a black bear
  2157 | D:3      | Reached skill level 6 in Spellcasting
  2157 | D:3      | Reached XP level 5. HP: 32/32 MP: 7/15
  2215 | D:3      | Learned a level 4 spell: Iskenderun's Mystic Blast
  2362 | D:3      | Found a sacrificial altar of Ru.
  2558 | D:3      | Found an opulent altar of Gozag.
  2596 | D:3      | Found a glowing golden altar of the Shining One.
  2596 | D:3      | Found a sparkling altar of Nemelex Xobeh.
  2596 | D:3      | Found an ancient bone altar of Kikubaaqudgha.
  2602 | D:3      | Became a worshipper of Gozag Ym Sagoz the Greedy
  2606 | D:3      | Noticed Grinder
  2617 | D:3      | Found a glowing silver altar of Zin.
  2702 | D:4      | Found a runed translucent gate.
  2702 | D:4      | Found a runed translucent gate.
  2703 | D:4      | Found a runed translucent gate.
  2703 | D:4      | Noticed DrClinical's ghost (amateur AtFi)
  2715 | D:4      | Identified the +5 sling of Innocence {freeze, Fragile rN+
                  | Str+4 Dex-2}
  2778 | D:4      | Reached skill level 1 in Translocations
  2778 | D:4      | Reached XP level 6. HP: 26/37 MP: 12/17
  2839 | D:4      | Found Koca's General Store.
  2845 | D:4      | Bought a potion of heal wounds for 60 gold pieces
  3040 | D:4      | Found a burning altar of Makhleb.
  3178 | D:4      | Reached XP level 7. HP: 27/42 MP: 13/19
  3626 | D:4      | Reached skill level 7 in Spellcasting
  3952 | D:5      | Entered Level 5 of the Dungeon
  4071 | D:5      | Reached skill level 8 in Spellcasting
  4151 | D:5      | Reached XP level 8. HP: 28/48 MP: 4/22
  4285 | D:5      | Found an iron altar of Okawaru.
  4447 | D:5      | Reached skill level 1 in Evocations
  4913 | D:5      | Reached skill level 9 in Spellcasting
  4913 | D:5      | Reached skill level 5 in Conjurations
  5687 | D:6      | Noticed Edmund
  5695 | D:6      | Killed Edmund
  5696 | D:6      | Reached skill level 5 in Stealth
  6095 | D:6      | Reached skill level 5 in Translocations
  6095 | D:6      | Reached XP level 9. HP: 44/52 MP: 17/24
  6102 | D:6      | Learned a level 6 spell: Iron Shot
  6110 | D:6      | Learned a level 7 spell: Spellforged Servitor
  6306 | D:1      | Bought the Unrestrained Analects for 440 gold pieces
  6306 | D:1      | Bought a potion of magic for 80 gold pieces
  6311 | D:1      | Learned a level 4 spell: Olgreb's Toxic Radiance
  6402 | D:2      | Killed Terence
  6607 | D:3      | Killed Grinder
  6608 | D:3      | Reached skill level 10 in Spellcasting
  6608 | D:3      | Reached skill level 1 in Summonings
  6608 | D:3      | Reached skill level 1 in Poison Magic
  6661 | D:3      | Found a basalt altar of Yredelemnul.
  7114 | D:4      | Killed DrClinical's ghost
  7421 | D:6      | Identified the +1 ring mail of the Moon {rPois Int+4}
  8132 | D:7      | Found a staircase to the Ecumenical Temple.
  8136 | D:7      | Reached skill level 5 in Dodging
  8140 | D:7      | Reached skill level 5 in Fighting
  8410 | D:7      | Found Roet's General Store.
  8451 | D:7      | Identified the +6 scale mail of Cynicism {rCorr}
  8461 | D:7      | Got Sirhet's Handbook of the Discontinuous Blizzard
  8832 | D:7      | Found Piruopec's Weapon Boutique.
  8832 | D:7      | Noticed Joseph
  8847 | D:7      | Found Fyusil's Antique Weapon Shoppe.
  8847 | D:7      | Shot with a sling bullet by Joseph

Illustrated notes

Levels and vault maps discovered:
D:1:      ldierk_water_garden, layout_loops_cross, serial_shops,
          nicolae_lakefront_shop
D:2:      layout_loops_cross, shapermc_ecumenical_altar_acropolis, uniq_terence,
          uniq_natasha
D:3:      layout_rooms, nicolae_ru_sacrificial_ziggurat,
          minmay_overflow_temple_hex, uniq_grinder
D:4:      cheibrodos_barr_body, layout_gridville, marbit_many_paths,
          serial_shops, shop, biasface_ghost_orc_armoury
D:5:      minmay_recursive_quarters, layout_loops_cross,
          mainiacjoe_overflow_24_doors, st_stairs_1
D:6:      layout_gridville, uniq_edmund
D:7:      layout_basic, nzn_hepliaklqana_mist_gate, minmay_temple_entry_glass,
          serial_shops, shop, shop, nicolae_shop_bloodbath_and_beyond, shop,
          nicolae_shop_window_shopping, uniq_joseph

Skill      XL: |  1  2  3  4  5  6  7  8  9 |
---------------+----------------------------+-----
Fighting       | 1 2 3 4 5 |  5.0
Spellcasting   | 4 6 8 9 10 | 10.9
Translocations | 1 2 4 5 |  5.0
Dodging        | 3 4 5 |  5.0
Stealth        | 3 4 5 |  5.0
Evocations     | 2 3 |  3.0
Conjurations   | 5 |  5.8
Summonings     | 2 |  2.8
Poison Magic   | 3 |  3.8

Action                   |  1- 3 |  4- 6 |  7- 9 || total
-------------------------+-------+-------+-------++-------
Melee: Sling             |       |       |     1 ||     1
 Fire: Sling             |    38 |    32 |   113 ||   183
 Cast: Magic Dart        |    35 |    42 |    21 ||    98
       Searing Ray       |     2 |     9 |    64 ||    75
       Iskenderun's Myst |       |       |    28 ||    28
Evoke: Wand              |       |       |     2 ||     2
  Use: Scroll            |       |       |    25 ||    25
       Potion            |       |       |     3 ||     3
Armor: Robe              |     1 |     6 |    40 ||    47
Dodge: Dodged            |     3 |    14 |    95 ||   112

Table legend: (Time is in decaauts)
 A = Elapsed time spent in this place.
 B = Non-inter-level travel time spent in this place.
 C = Inter-level travel time spent in this place.
 D = Time resting spent in this place.
 E = Time spent auto-exploring this place.
 F = Levels seen in this place.
 G = Mean time per level.
                   A        B        C        D        E       F      G
               +--------+--------+--------+--------+--------+-----+--------+
         Total |   8936 |   8006 |    930 |   2445 |   4394 |   7 | 1276.6 |
       Dungeon |   8936 |   8006 |    930 |   2445 |   4394 |   7 | 1276.6 |
               +--------+--------+--------+--------+--------+-----+--------+

Top non-repeatable levels by time:
     D:5: 1773 daAuts
     D:4: 1759 daAuts
     D:6: 1610 daAuts
     D:2: 1256 daAuts
     D:1: 1056 daAuts
     D:3: 945 daAuts
     D:7: 534 daAuts
